Sabres vs Panthers (R1)

Created - 8 février 2016 at 19:03

Goals
1 2 3 T
Sabres 2 2 0 4
Panthers 0 2 0 2
Shots
1 2 3 T
Sabres 17 11 5 33
Panthers 13 14 7 34

1st period

1. Sabres , Niclas Bergfors 24 (Michael Kostka) at 2:06
2. Sabres , Steve Downie 20 (Antoine Roussel, Tyler Sloan) at 7:32

Penalties :
Johnny Boychuk (Buf) for Interference (Minor) at 16:38

2nd period

3. Sabres , Ryan Hollweg 13 (Niclas Bergfors, Joni Pitkanen) at 1:00
4. Panthers , Ryan Bayda 8 (Alexander Perezhogin, Mats Sundin) at 2:22
5. Sabres , Niclas Bergfors 25 (Derick Brassard, Ryan Hollweg) at 7:29
6. Panthers , Steve Montador 3 (Ryan Bayda, Mats Sundin) at 12:01 (PP)

Penalties :
Keith Aulie (Flo) for Fighting (Major) at 9:16, Ole-Kristian Tollefsen (Buf) for Fighting (Major) at 9:16, Tyler Sloan (Buf) for Slashing (Minor) at 11:07, Jeff Tambellini (Flo) for Tripping (Minor) at 13:01, Michael Kostka (Buf) for Hooking (Minor) at 16:40, Sam Gagner (Buf) for Hooking (Minor) at 19:50

3rd period

No Goal

Penalties :
Sam Gagner (Buf) for Roughing (Minor) at 3:48, Sam Gagner (Buf) for Tripping (Minor) at 5:57, Mike Fisher (Buf) for Hooking (Minor) at 17:51

Goalie Stats

Michal Neuvirth (Buf), 32 saves from 34 shots - (0,941), W, 24-16-2, 60:00 minutes
Antti Niemi (Flo), 29 saves from 33 shots - (0,879), L, 19-13-4, 60:00 minutes

Players Stats for Sabres

Player Name              G  A  P  +/- PIM S  H  SB GA TA FO     MP     PP MP  PK MP  
------------------------------------------------------------------------------------
Antoine Roussel          0  1  1   0  0   2  1  0  0  0  1/2    13:52   0:56   0:00 
Daniel Cleary            0  0  0   0  0   1  0  0  0  0  0/0    13:29   0:00   4:20 
Derick Brassard          0  1  1   3  0   6  1  0  0  2  13/32  18:19   1:03   0:43 
Greg Campbell            0  0  0   0  0   0  0  0  0  1  9/11   16:49   0:00   7:09 
Jay McKee                0  0  0   0  0   0  0  1  0  0  0/0    20:02   0:49   5:06 
Johnny Boychuk           0  0  0   0  2   4  0  0  0  0  0/0    19:12   0:49   4:00 
Jonas Hoglund            0  0  0   0  0   0  0  0  0  0  0/0     5:44   0:00   0:00 
Joni Pitkanen            0  1  1   2  0   1  2  2  1  1  0/0    29:18   1:10   7:42 
Michael Kostka           0  1  1   1  2   1  0  0  0  1  0/0    13:12   0:00   1:45 
Michael Rupp             0  0  0   0  0   5  0  0  0  0  1/1     7:04   0:00   1:19 
Mike Fisher              0  0  0   0  2   1  5  0  1  0  5/7     9:38   0:00   3:34 
Mike Leclerc             0  0  0   0  0   0  0  0  0  0  0/2    16:49   0:00   7:09 
Niclas Bergfors          2  1  3   3  0   6  0  1  0  1  0/0    17:35   1:03   0:00 
Ole-Kristian Tollefsen   0  0  0   2  5   0  1  0  0  2  0/0    25:56   0:27   7:03 
Ryan Hollweg             1  1  2   3  0   2  2  1  0  1  0/1    17:35   1:03   0:00 
Sam Gagner               0  0  0   0  6   1  2  2  0  0  8/17   15:17   0:56   1:22 
Steve Downie             1  0  1   0  0   3  1  0  0  0  0/0    13:52   0:56   0:00 
Tyler Sloan              0  1  1   1  2   0  0  0  0  1  0/0    13:21   0:43   0:00 

Players Stats for Panthers

Player Name              G  A  P  +/- PIM S  H  SB GA TA FO     MP     PP MP  PK MP  
------------------------------------------------------------------------------------
Alexander Perezhogin     0  1  1  -1  0   3  0  0  1  0  1/2    17:15   5:19   0:00 
Alexei Ponikarovsky      0  0  0  -1  0   2  0  1  0  0  0/0     8:19   0:12   0:48 
Branko Radivojevic       0  0  0  -1  0   1  1  0  0  0  0/1     7:30   0:12   0:00 
Bryan McCabe             0  0  0   0  0   0  4  0  1  0  0/0    20:36   5:21   0:51 
Jeff Tambellini          0  0  0  -1  2   1  4  0  0  0  0/0    22:24   7:17   0:00 
Jonathan Matsumoto       0  0  0  -1  0   0  0  0  0  0  2/4     7:18   0:00   0:00 
Keith Aulie              0  0  0   0  5   0  0  2  0  2  0/0    14:51   5:21   0:02 
Mats Sundin              0  2  2  -1  0   0  1  0  0  0  8/13   17:54   5:19   0:38 
Mattias Weinhandl        0  0  0   0  0   3  0  0  2  0  0/0    10:51   0:00   0:00 
Nick Schultz             0  0  0   0  0   3  0  0  0  0  0/0    10:29   0:00   0:09 
Peter Prucha             0  0  0  -1  0   3  0  1  2  0  0/0    23:23   7:17   0:59 
Rickard Wallin           0  0  0   0  0   0  0  0  0  0  2/6    11:03   0:12   0:00 
Ryan Bayda               1  1  2  -1  0   4  1  1  1  0  2/2    17:15   5:19   0:00 
Ryan Parent              0  0  0  -3  0   2  1  1  0  0  0/0    30:07   7:27   0:51 
Scott Gomez              0  0  0  -1  0   10 1  1  2  0  21/45  23:25   7:17   1:01 
Steve Montador           1  0  1  -3  0   2  3  0  0  0  0/0    29:00   7:27   0:59 
Taylor Hall              0  0  0   0  0   0  1  1  1  0  0/0    11:23   0:00   0:32 
Tom Preissing            0  0  0   0  0   0  1  0  0  0  0/0    14:58   0:00   1:08 

3 Stars

1 - Niclas Bergfors (Buf)
2 - Ryan Hollweg (Buf)
3 - Ryan Bayda (Flo)

Power Play

Sabres - 0 on 1 Attempt(s) - 0,00%
Panthers - 1 on 7 Attempt(s) - 14,29%

Penalty Kill

Sabres - 6 on 7 Attempt(s) - 85,71% - Score 0 goal in Penalty Kill
Panthers - 1 on 1 Attempt(s) - 100,00% - Score 0 goal in Penalty Kill

Team Stat

Sabres - Hits : 15 - Faceoff Wins : 37 - Blocked Shots : 7 - Penalty Minutes : 19
Panthers - Hits : 18 - Faceoff Wins : 36 - Blocked Shots : 8 - Penalty Minutes : 7

Official

Referees : Peel Tim and VanMassenhoven Don
Linesman : Lonnie Cameron and Derek Nansen

Game Notes

Keith Aulie and Ole-Kristian Tollefsen fight to a draw at 9:16 of 2nd period

Finance

Level 1 -- Attendance: 6000 (100,00%) -- Ticket Income 498 000 $
Level 2 -- Attendance: 5000 (100,00%) -- Ticket Income 250 000 $
Level 3 -- Attendance: 1089 (54,45%) -- Ticket Income 47 916 $
Level 4 -- Attendance: 2410 (60,25%) -- Ticket Income 69 890 $
Luxury Box -- Attendance: 927 (92,70%) -- Ticket Income 129 780 $
Game was played at the Bank Atlantic Cente.
Total Attendance: 15426 (85,70%)
Total Ticket Income: 995 586 $
Other Income: 149 338 $
Total Income: 1 144 924 $

Sabres

5 vs 5 Forward 
   Center                   Left Wing                Right Wing               Time % Phy DF OF 
 1 Derick Brassard          Ryan Hollweg             Niclas Bergfors          40     1   2  2  
 2 Sam Gagner               Antoine Roussel          Steve Downie             30     1   2  2  
 3 Greg Campbell            Mike Leclerc             Daniel Cleary            20     1   2  2  
 4 Mike Fisher              Michael Rupp             Jonas Hoglund            10     1   2  2  

5 vs 5 Defense 
   Defense                  Defense                                           Time % Phy DF OF 
 1 Joni Pitkanen            Ole-Kristian Tollefsen                            40     1   2  2  
 2 Johnny Boychuk           Jay McKee                                         30     1   2  2  
 3 Tyler Sloan              Michael Kostka                                    20     1   2  2  
 4 Joni Pitkanen            Ole-Kristian Tollefsen                            10     1   2  2  

PowerPlay Forward 
   Center                   Left Wing                Right Wing               Time % Phy DF OF 
 1 Derick Brassard          Ryan Hollweg             Niclas Bergfors          60     1   2  2  
 2 Sam Gagner               Antoine Roussel          Steve Downie             40     1   2  2  

PowerPlay Defense
   Defense                  Defense                                           Time % Phy DF OF 
 1 Joni Pitkanen            Ole-Kristian Tollefsen                            60     1   2  2  
 2 Johnny Boychuk           Jay McKee                                         40     1   2  2  

Penalty Kill 4 Players Forward 
   Center                   Wing                     Time % Phy DF OF 
 1 Greg Campbell            Mike Leclerc             60     1   2  2  
 2 Mike Fisher              Daniel Cleary            40     1   2  2  

Penalty Kill 4 Players Defense
   Defense                  Defense                  Time % Phy DF OF 
 1 Joni Pitkanen            Ole-Kristian Tollefsen   60     1   2  2  
 2 Johnny Boychuk           Jay McKee                40     1   2  2  

Penalty Kill - 3 Players Forward 
   Forward                                           Time % Phy DF OF 
 1 Mike Leclerc                                      60     1   2  2  
 2 Daniel Cleary                                     40     1   2  2  

Penalty Kill - 3 Players Defense
   Defense                  Defense                  Time % Phy DF OF 
 1 Joni Pitkanen            Ole-Kristian Tollefsen   60     1   2  2  
 2 Johnny Boychuk           Jay McKee                40     1   2  2  

4 vs 4 Forward 
   Center                   Wing                     Time % Phy DF OF 
 1 Derick Brassard          Niclas Bergfors          60     1   2  2  
 2 Steve Downie             Antoine Roussel          40     1   2  2  

4 vs 4 Defense
   Defense                  Defense                  Time % Phy DF OF 
 1 Joni Pitkanen            Ole-Kristian Tollefsen   60     1   2  2  
 2 Johnny Boychuk           Jay McKee                40     1   2  2  

Last Minutes Offensive
   Center                   Left Wing                Right Wing               Defense                  Defense                  
   Derick Brassard          Ryan Hollweg             Niclas Bergfors          Joni Pitkanen            Ole-Kristian Tollefsen   

Last Minutes Defensive
   Center                   Left Wing                Right Wing               Defense                  Defense                  
   Greg Campbell            Antoine Roussel          Steve Downie             Joni Pitkanen            Ole-Kristian Tollefsen   

Goaltenders
Starting : Michal Neuvirth          
Backup : Jonas Hiller             

Extra Forwards
Normal : Michael Rupp, Daniel Cleary, Mike Leclerc - PP : Michael Rupp, Daniel Cleary - PK : Mike Leclerc
Extra Defensemen
Normal : Tyler Sloan, Michael Kostka, Johnny Boychuk - PP : Tyler Sloan - PK : Michael Kostka, Johnny Boychuk
Penalty Shots
Derick Brassard, Niclas Bergfors, Steve Downie, Jonas Hoglund, Ryan Hollweg

Panthers

5 vs 5 Forward 
   Center                   Left Wing                Right Wing               Time % Phy DF OF 
 1 Scott Gomez              Jeff Tambellini          Peter Prucha             40     0   2  3  
 2 Mats Sundin              Ryan Bayda               Alexander Perezhogin     30     0   2  3  
 3 Rickard Wallin           Taylor Hall              Mattias Weinhandl        20     1   2  2  
 4 Jonathan Matsumoto       Alexei Ponikarovsky      Branko Radivojevic       10     1   2  2  

5 vs 5 Defense 
   Defense                  Defense                                           Time % Phy DF OF 
 1 Steve Montador           Ryan Parent                                       40     0   2  3  
 2 Bryan McCabe             Tom Preissing                                     30     0   2  3  
 3 Nick Schultz             Keith Aulie                                       20     1   2  2  
 4 Steve Montador           Ryan Parent                                       10     1   2  2  

PowerPlay Forward 
   Center                   Left Wing                Right Wing               Time % Phy DF OF 
 1 Scott Gomez              Jeff Tambellini          Peter Prucha             60     0   1  4  
 2 Mats Sundin              Ryan Bayda               Alexander Perezhogin     40     0   1  4  

PowerPlay Defense
   Defense                  Defense                                           Time % Phy DF OF 
 1 Steve Montador           Ryan Parent                                       60     0   2  3  
 2 Bryan McCabe             Keith Aulie                                       40     0   2  3  

Penalty Kill 4 Players Forward 
   Center                   Wing                     Time % Phy DF OF 
 1 Scott Gomez              Peter Prucha             60     1   4  0  
 2 Mats Sundin              Alexei Ponikarovsky      40     1   4  0  

Penalty Kill 4 Players Defense
   Defense                  Defense                  Time % Phy DF OF 
 1 Steve Montador           Tom Preissing            60     1   4  0  
 2 Bryan McCabe             Ryan Parent              40     1   4  0  

Penalty Kill - 3 Players Forward 
   Forward                                           Time % Phy DF OF 
 1 Scott Gomez                                       60     1   4  0  
 2 Rickard Wallin                                    40     1   4  0  

Penalty Kill - 3 Players Defense
   Defense                  Defense                  Time % Phy DF OF 
 1 Steve Montador           Tom Preissing            60     1   4  0  
 2 Bryan McCabe             Ryan Parent              40     1   4  0  

4 vs 4 Forward 
   Center                   Wing                     Time % Phy DF OF 
 1 Scott Gomez              Peter Prucha             60     0   2  3  
 2 Mats Sundin              Jeff Tambellini          40     0   2  3  

4 vs 4 Defense
   Defense                  Defense                  Time % Phy DF OF 
 1 Steve Montador           Ryan Parent              60     1   2  2  
 2 Bryan McCabe             Tom Preissing            40     1   2  2  

Last Minutes Offensive
   Center                   Left Wing                Right Wing               Defense                  Defense                  
   Scott Gomez              Jeff Tambellini          Peter Prucha             Steve Montador           Ryan Parent              

Last Minutes Defensive
   Center                   Left Wing                Right Wing               Defense                  Defense                  
   Scott Gomez              Jeff Tambellini          Peter Prucha             Steve Montador           Ryan Parent              

Goaltenders
Starting : Antti Niemi              
Backup : Jeff Deslauriers         

Extra Forwards
Normal : Scott Gomez, Taylor Hall, Mats Sundin - PP : Scott Gomez, Mats Sundin - PK : Taylor Hall
Extra Defensemen
Normal : Keith Aulie, Ryan Parent, Steve Montador - PP : Tom Preissing - PK : Nick Schultz, Ryan Parent
Penalty Shots
Mats Sundin, Peter Prucha, Scott Gomez, Branko Radivojevic, Jeff Tambellini

% Time on Ice - Sabres

Lines # - Real PCT - Wanted PCT - Time Play
Normal Forward
1 - 38% - 40% - 17:24
2 - 29% - 30% - 13:16
3 - 19% - 20% - 8:49
4 - 13% - 10% - 5:44
Normal Defense
1 - 39% - 40% - 17:38
2 - 31% - 30% - 14:07
3 - 24% - 20% - 10:40
4 - 6% - 10% - 2:48
PP Forward
1 - 53% - 60% - 1:03
2 - 47% - 40% - 0:56
PP Defense
1 - 59% - 60% - 1:10
2 - 41% - 40% - 0:49
PK Forward
1 - 66% - 60% - 8:28
2 - 34% - 40% - 4:20
PK Defense
1 - 60% - 60% - 7:42
2 - 40% - 40% - 5:06
PK3 Forward
1 - 0% - 60%
2 - 0% - 40%
PK3 Defense
1 - 0% - 60%
2 - 0% - 40%
44 Forward
1 - 0% - 60%
2 - 0% - 40%
44 Defense
1 - 0% - 60%
2 - 0% - 40%
Last Minute Offensive  - 0:00
Last Minute Defensive  - 0:00
Total
Forward - 60:00
Defense - 60:00

% Time on Ice - Panthers

Lines # - Real PCT - Wanted PCT - Time Play
Normal Forward
1 - 33% - 40% - 15:08
2 - 26% - 30% - 11:56
3 - 24% - 20% - 10:51
4 - 16% - 10% - 7:18
Normal Defense
1 - 41% - 40% - 18:21
2 - 33% - 30% - 15:07
3 - 21% - 20% - 9:36
4 - 5% - 10% - 2:09
PP Forward
1 - 58% - 60% - 7:29
2 - 42% - 40% - 5:19
PP Defense
1 - 58% - 60% - 7:27
2 - 42% - 40% - 5:21
PK Forward
1 - 92% - 60% - 1:49
2 - 8% - 40% - 0:10
PK Defense
1 - 57% - 60% - 1:08
2 - 43% - 40% - 0:51
PK3 Forward
1 - 0% - 60%
2 - 0% - 40%
PK3 Defense
1 - 0% - 60%
2 - 0% - 40%
44 Forward
1 - 0% - 60%
2 - 0% - 40%
44 Defense
1 - 0% - 60%
2 - 0% - 40%
Last Minute Offensive  - 0:00
Last Minute Defensive  - 0:00
Total
Forward - 60:00
Defense - 60:00

Play by Play

1st period


0:01 of 1st period - Derick Brassard wins face-off versus Scott Gomez in neutral zone.
0:06 of 1st period - Slapshot by Niclas Bergfors.
0:06 of 1st period - Shot Blocked by Peter Prucha.
0:12 of 1st period - Wrist shot by Scott Gomez.
0:12 of 1st period - Stopped by Michal Neuvirth without a rebound.
0:13 of 1st period - Sam Gagner wins face-off versus Mats Sundin in Sabres zone.
0:39 of 1st period - Jay McKee is hit by Bryan McCabe and loses puck.
1:02 of 1st period - Snap shot by Niclas Bergfors.
1:02 of 1st period - Shot Misses the Net.
1:04 of 1st period - Slapshot by Johnny Boychuk.
1:04 of 1st period - Shot Blocked by Scott Gomez.
1:06 of 1st period - Slapshot by Johnny Boychuk.
1:06 of 1st period - Stopped by Antti Niemi without a rebound.
1:07 of 1st period - Jonathan Matsumoto wins face-off versus Derick Brassard in Panthers zone.
1:16 of 1st period - Snap shot by Alexei Ponikarovsky.
1:16 of 1st period - Stopped by Michal Neuvirth without a rebound.
1:17 of 1st period - Mike Fisher wins face-off versus Jonathan Matsumoto in Sabres zone.
1:35 of 1st period - Off-side.
1:36 of 1st period - Antoine Roussel wins face-off versus Scott Gomez in neutral zone.
2:06 of 1st period - Wrist shot by Niclas Bergfors.
2:06 of 1st period - Goal by Niclas Bergfors - Sabres : 1 - Panthers : 0.
2:07 of 1st period - Mats Sundin wins face-off versus Derick Brassard in neutral zone.
2:18 of 1st period - Snap shot by Niclas Bergfors.
2:18 of 1st period - Stopped by Antti Niemi without a rebound.
2:19 of 1st period - Greg Campbell wins face-off versus Scott Gomez in Panthers zone.
2:26 of 1st period - Snap shot by Jeff Tambellini.
2:26 of 1st period - Shot Misses the Net.
2:28 of 1st period - Snap shot by Peter Prucha.
2:28 of 1st period - Stopped by Michal Neuvirth with a rebound.
2:30 of 1st period - Slapshot by Scott Gomez.
2:30 of 1st period - Shot Misses the Net.
2:32 of 1st period - Snap shot by Steve Montador.
2:32 of 1st period - Deflect By Peter Prucha.
2:32 of 1st period - Stopped by Michal Neuvirth with a rebound.
2:34 of 1st period - Snap shot by Scott Gomez.
2:34 of 1st period - Stopped by Michal Neuvirth with a rebound.
2:56 of 1st period - Icing by Ole-Kristian Tollefsen.
2:57 of 1st period - Sam Gagner wins face-off versus Mats Sundin in Sabres zone.
3:12 of 1st period - Snap shot by Steve Downie.
3:12 of 1st period - Stopped by Antti Niemi without a rebound.
3:13 of 1st period - Derick Brassard wins face-off versus Scott Gomez in Panthers zone.
3:16 of 1st period - Wrist shot by Niclas Bergfors.
3:16 of 1st period - Stopped by Antti Niemi without a rebound.
3:17 of 1st period - Scott Gomez wins face-off versus Derick Brassard in Panthers zone.
3:22 of 1st period - Wrist shot by Derick Brassard.
3:22 of 1st period - Shot Misses the Net.
3:24 of 1st period - Wrist shot by Derick Brassard.
3:24 of 1st period - Stopped by Antti Niemi without a rebound.
3:25 of 1st period - Derick Brassard wins face-off versus Scott Gomez in Panthers zone.
3:59 of 1st period - Slapshot by Ryan Bayda.
3:59 of 1st period - Stopped by Michal Neuvirth with a rebound.
5:58 of 1st period - Tom Preissing is hit by Steve Downie and loses puck.
6:38 of 1st period - Snap shot by Mattias Weinhandl.
6:38 of 1st period - Stopped by Michal Neuvirth with a rebound.
6:56 of 1st period - Ole-Kristian Tollefsen is hit by Mats Sundin and loses puck.
7:01 of 1st period - Snap shot by Ryan Bayda.
7:01 of 1st period - Stopped by Michal Neuvirth with a rebound.
7:16 of 1st period - Off-side.
7:17 of 1st period - Jonathan Matsumoto wins face-off versus Sam Gagner in neutral zone.
7:30 of 1st period - Snap shot by Steve Downie.
7:30 of 1st period - Shot Blocked by Alexei Ponikarovsky.
7:32 of 1st period - Wrist shot by Steve Downie.
7:32 of 1st period - Goal by Steve Downie - Sabres : 2 - Panthers : 0.
7:33 of 1st period - Scott Gomez wins face-off versus Derick Brassard in neutral zone.
7:42 of 1st period - Snap shot by Scott Gomez.
7:42 of 1st period - Stopped by Michal Neuvirth without a rebound.
7:43 of 1st period - Scott Gomez wins face-off versus Derick Brassard in Sabres zone.
7:46 of 1st period - Snap shot by Scott Gomez.
7:46 of 1st period - Stopped by Michal Neuvirth with a rebound.
8:00 of 1st period - Wrist shot by Jeff Tambellini.
8:00 of 1st period - Stopped by Michal Neuvirth without a rebound.
8:01 of 1st period - Ryan Bayda wins face-off versus Sam Gagner in Sabres zone.
8:47 of 1st period - Nick Schultz is hit by Ole-Kristian Tollefsen and loses puck.
9:08 of 1st period - Daniel Cleary is hit by Branko Radivojevic and loses puck.
9:33 of 1st period - Snap shot by Ryan Bayda.
9:33 of 1st period - Shot Misses the Net.
9:39 of 1st period - Michael Kostka is hit by Ryan Bayda and loses puck.
9:57 of 1st period - Snap shot by Antoine Roussel.
9:57 of 1st period - Stopped by Antti Niemi without a rebound.
9:58 of 1st period - Sam Gagner wins face-off versus Scott Gomez in Panthers zone.
10:36 of 1st period - Wrist shot by Alexander Perezhogin.
10:36 of 1st period - Stopped by Michal Neuvirth with a rebound.
11:10 of 1st period - Steve Montador is hit by Joni Pitkanen and loses puck.
12:36 of 1st period - Off-side.
12:37 of 1st period - Mike Fisher wins face-off versus Jonathan Matsumoto in neutral zone.
12:42 of 1st period - Wrist shot by Michael Rupp.
12:42 of 1st period - Stopped by Antti Niemi without a rebound.
12:43 of 1st period - Derick Brassard wins face-off versus Scott Gomez in Panthers zone.
12:48 of 1st period - Snap shot by Niclas Bergfors.
12:48 of 1st period - Deflect By Ryan Hollweg.
12:48 of 1st period - Shot Misses the Net.
12:48 of 1st period - Puck is out of play.
12:49 of 1st period - Derick Brassard wins face-off versus Scott Gomez in Panthers zone.
12:50 of 1st period - Snap shot by Ryan Hollweg.
12:50 of 1st period - Shot Misses the Net.
13:20 of 1st period - Wrist shot by Ryan Bayda.
13:20 of 1st period - Shot Blocked by Sam Gagner.
13:22 of 1st period - Slapshot by Keith Aulie.
13:22 of 1st period - Shot Blocked by Joni Pitkanen.
13:24 of 1st period - Snap shot by Keith Aulie.
13:24 of 1st period - Deflect By Alexander Perezhogin.
13:24 of 1st period - Stopped by Michal Neuvirth with a rebound.
13:34 of 1st period - Slapshot by Alexei Ponikarovsky.
13:34 of 1st period - Shot Misses the Net.
13:58 of 1st period - Wrist shot by Michael Rupp.
13:58 of 1st period - Stopped by Antti Niemi with a rebound.
14:00 of 1st period - Snap shot by Johnny Boychuk.
14:00 of 1st period - Stopped by Antti Niemi with a rebound.
14:04 of 1st period - Snap shot by Michael Rupp.
14:04 of 1st period - Stopped by Antti Niemi with a rebound.
14:06 of 1st period - Snap shot by Michael Rupp.
14:06 of 1st period - Stopped by Antti Niemi without a rebound.
14:07 of 1st period - Scott Gomez wins face-off versus Derick Brassard in Panthers zone.
14:57 of 1st period - Mike Leclerc is hit by Taylor Hall and loses puck.
15:18 of 1st period - Michael Kostka is hit by Scott Gomez and loses puck.
15:27 of 1st period - Snap shot by Peter Prucha.
15:27 of 1st period - Shot Misses the Net.
15:51 of 1st period - Snap shot by Michael Rupp.
15:51 of 1st period - Deflect By Mike Fisher.
15:51 of 1st period - Stopped by Antti Niemi with a rebound.
16:38 of 1st period - Minor Penalty to Johnny Boychuk for Interference.
16:39 of 1st period - Greg Campbell wins face-off versus Scott Gomez in Sabres zone.
17:41 of 1st period - Snap shot by Michael Rupp.
17:41 of 1st period - Stopped by Antti Niemi without a rebound.
17:42 of 1st period - Mats Sundin wins face-off versus Sam Gagner in Panthers zone.
18:08 of 1st period - Jay McKee is hit by Bryan McCabe and loses puck.
18:25 of 1st period - Steve Montador is hit by Mike Fisher and loses puck.
18:34 of 1st period - Snap shot by Daniel Cleary.
18:34 of 1st period - Stopped by Antti Niemi without a rebound.
18:35 of 1st period - Alexander Perezhogin wins face-off versus Mike Fisher in Panthers zone.
18:38 of 1st period - Penalty to Johnny Boychuk is over, Johnny Boychuk is back on ice.
19:06 of 1st period - Wrist shot by Derick Brassard.
19:06 of 1st period - Deflect By Niclas Bergfors.
19:06 of 1st period - Stopped by Antti Niemi with a rebound.
19:34 of 1st period - Tom Preissing is hit by Antoine Roussel and loses puck.
19:57 of 1st period - Johnny Boychuk is hit by Jeff Tambellini and loses puck.
Goals for this period are 2 for Sabres vs 0 for Panthers.
Shots for this period are 17 for Sabres vs 13 for Panthers.

2nd period


0:01 of 2nd period - Scott Gomez wins face-off versus Derick Brassard in neutral zone.
0:06 of 2nd period - Snap shot by Scott Gomez.
0:06 of 2nd period - Stopped by Michal Neuvirth without a rebound.
0:07 of 2nd period - Derick Brassard wins face-off versus Scott Gomez in Sabres zone.
0:07 of 2nd period - Derick Brassard is hit by Jeff Tambellini.
0:19 of 2nd period - Wrist shot by Derick Brassard.
0:19 of 2nd period - Stopped by Antti Niemi without a rebound.
0:20 of 2nd period - Derick Brassard wins face-off versus Scott Gomez in Panthers zone.
0:30 of 2nd period - Off-side.
0:31 of 2nd period - Derick Brassard wins face-off versus Scott Gomez in neutral zone.
0:38 of 2nd period - Wrist shot by Niclas Bergfors.
0:38 of 2nd period - Shot Blocked by Ryan Parent.
0:40 of 2nd period - Snap shot by Derick Brassard.
0:40 of 2nd period - Stopped by Antti Niemi without a rebound.
0:41 of 2nd period - Scott Gomez wins face-off versus Derick Brassard in Panthers zone.
1:00 of 2nd period - Wrist shot by Ryan Hollweg.
1:00 of 2nd period - Goal by Ryan Hollweg - Sabres : 3 - Panthers : 0.
1:01 of 2nd period - Derick Brassard wins face-off versus Scott Gomez in neutral zone.
1:35 of 2nd period - Slapshot by Joni Pitkanen.
1:35 of 2nd period - Stopped by Antti Niemi with a rebound.
1:51 of 2nd period - Wrist shot by Greg Campbell.
1:51 of 2nd period - Deflect By Daniel Cleary.
1:51 of 2nd period - Shot Misses the Net.
1:51 of 2nd period - Puck is out of play.
1:52 of 2nd period - Scott Gomez wins face-off versus Derick Brassard in Panthers zone.
2:06 of 2nd period - Off-side.
2:07 of 2nd period - Mats Sundin wins face-off versus Sam Gagner in neutral zone.
2:12 of 2nd period - Slapshot by Bryan McCabe.
2:12 of 2nd period - Deflect By Ryan Bayda.
2:12 of 2nd period - Shot Misses the Net.
2:12 of 2nd period - Puck is out of play.
2:13 of 2nd period - Mats Sundin wins face-off versus Sam Gagner in Sabres zone.
2:20 of 2nd period - Snap shot by Alexander Perezhogin.
2:20 of 2nd period - Shot Blocked by Sam Gagner.
2:22 of 2nd period - Wrist shot by Ryan Bayda.
2:22 of 2nd period - Goal by Ryan Bayda - Sabres : 3 - Panthers : 1.
2:23 of 2nd period - Scott Gomez wins face-off versus Derick Brassard in neutral zone.
2:34 of 2nd period - Snap shot by Derick Brassard.
2:34 of 2nd period - Stopped by Antti Niemi with a rebound.
2:50 of 2nd period - Mats Sundin is hit by Sam Gagner and loses puck.
3:37 of 2nd period - Wrist shot by Alexei Ponikarovsky.
3:37 of 2nd period - Stopped by Michal Neuvirth with a rebound.
3:57 of 2nd period - Slapshot by Ryan Hollweg.
3:57 of 2nd period - Stopped by Antti Niemi without a rebound.
3:58 of 2nd period - Scott Gomez wins face-off versus Derick Brassard in Panthers zone.
3:58 of 2nd period - Scott Gomez is hit by Ryan Hollweg.
4:06 of 2nd period - Slapshot by Peter Prucha.
4:06 of 2nd period - Shot Misses the Net.
4:08 of 2nd period - Wrist shot by Scott Gomez.
4:08 of 2nd period - Stopped by Michal Neuvirth with a rebound.
4:10 of 2nd period - Slapshot by Nick Schultz.
4:10 of 2nd period - Stopped by Michal Neuvirth without a rebound.
4:11 of 2nd period - Scott Gomez wins face-off versus Derick Brassard in Sabres zone.
4:51 of 2nd period - Wrist shot by Alexander Perezhogin.
4:51 of 2nd period - Shot Misses the Net.
5:05 of 2nd period - Snap shot by Alexei Ponikarovsky.
5:05 of 2nd period - Shot Misses the Net.
5:11 of 2nd period - Wrist shot by Steve Downie.
5:11 of 2nd period - Stopped by Antti Niemi without a rebound.
5:12 of 2nd period - Derick Brassard wins face-off versus Scott Gomez in Panthers zone.
6:05 of 2nd period - Slapshot by Steve Montador.
6:05 of 2nd period - Shot Misses the Net.
6:33 of 2nd period - Snap shot by Peter Prucha.
6:33 of 2nd period - Stopped by Michal Neuvirth with a rebound.
6:45 of 2nd period - Snap shot by Derick Brassard.
6:45 of 2nd period - Shot Misses the Net.
6:47 of 2nd period - Slapshot by Ryan Hollweg.
6:47 of 2nd period - Shot Misses the Net.
6:49 of 2nd period - Slapshot by Derick Brassard.
6:49 of 2nd period - Stopped by Antti Niemi without a rebound.
6:50 of 2nd period - Derick Brassard wins face-off versus Mats Sundin in Panthers zone.
6:51 of 2nd period - Snap shot by Niclas Bergfors.
6:51 of 2nd period - Stopped by Antti Niemi without a rebound.
6:52 of 2nd period - Mats Sundin wins face-off versus Derick Brassard in Panthers zone.
7:29 of 2nd period - Snap shot by Niclas Bergfors.
7:29 of 2nd period - Goal by Niclas Bergfors - Sabres : 4 - Panthers : 1.
7:30 of 2nd period - Scott Gomez wins face-off versus Sam Gagner in neutral zone.
7:33 of 2nd period - Slapshot by Scott Gomez.
7:33 of 2nd period - Stopped by Michal Neuvirth with a rebound.
7:41 of 2nd period - Snap shot by Jeff Tambellini.
7:41 of 2nd period - Shot Misses the Net.
7:43 of 2nd period - Slapshot by Steve Montador.
7:43 of 2nd period - Stopped by Michal Neuvirth without a rebound.
7:44 of 2nd period - Derick Brassard wins face-off versus Scott Gomez in Sabres zone.
7:58 of 2nd period - Snap shot by Jeff Tambellini.
7:58 of 2nd period - Shot Misses the Net.
8:32 of 2nd period - Rickard Wallin is hit by Derick Brassard and loses puck.
9:05 of 2nd period - Wrist shot by Mattias Weinhandl.
9:05 of 2nd period - Stopped by Michal Neuvirth without a rebound.
9:06 of 2nd period - Sam Gagner wins face-off versus Scott Gomez in Sabres zone.
9:16 of 2nd period - Keith Aulie and Ole-Kristian Tollefsen fight to a draw.
9:16 of 2nd period - Penalty to Keith Aulie for Fighting.
9:16 of 2nd period - Penalty to Ole-Kristian Tollefsen for Fighting.
9:17 of 2nd period - Scott Gomez wins face-off versus Antoine Roussel in Panthers zone.
10:04 of 2nd period - Icing by Nick Schultz.
10:05 of 2nd period - Mike Fisher wins face-off versus Alexander Perezhogin in Panthers zone.
10:20 of 2nd period - Snap shot by Antoine Roussel.
10:20 of 2nd period - Stopped by Antti Niemi with a rebound.
10:36 of 2nd period - Snap shot by Greg Campbell.
10:36 of 2nd period - Deflect By Mike Leclerc.
10:36 of 2nd period - Shot Misses the Net.
10:36 of 2nd period - Puck is out of play.
10:37 of 2nd period - Scott Gomez wins face-off versus Greg Campbell in Panthers zone.
10:48 of 2nd period - Snap shot by Jeff Tambellini.
10:48 of 2nd period - Shot Misses the Net.
11:02 of 2nd period - Rickard Wallin is hit by Ryan Hollweg.
11:07 of 2nd period - Minor Penalty to Tyler Sloan for Slashing.
11:08 of 2nd period - Greg Campbell wins face-off versus Scott Gomez in Sabres zone.
11:17 of 2nd period - Slapshot by Ryan Parent.
11:17 of 2nd period - Stopped by Michal Neuvirth without a rebound.
11:18 of 2nd period - Greg Campbell wins face-off versus Scott Gomez in Sabres zone.
11:35 of 2nd period - Wrist shot by Peter Prucha.
11:35 of 2nd period - Shot Misses the Net.
11:59 of 2nd period - Snap shot by Ryan Bayda.
11:59 of 2nd period - Shot Blocked by Jay McKee.
12:01 of 2nd period - Snap shot by Steve Montador.
12:01 of 2nd period - Goal by Steve Montador - Sabres : 4 - Panthers : 2.
12:02 of 2nd period - Scott Gomez wins face-off versus Derick Brassard in neutral zone.
12:18 of 2nd period - Off-side.
12:19 of 2nd period - Mats Sundin wins face-off versus Sam Gagner in neutral zone.
12:22 of 2nd period - Sam Gagner is hit by Ryan Parent and loses puck.
13:01 of 2nd period - Minor Penalty to Jeff Tambellini for Tripping.
13:02 of 2nd period - Scott Gomez wins face-off versus Derick Brassard in Panthers zone.
14:16 of 2nd period - Penalty to Keith Aulie is over, Keith Aulie is back on ice.
15:01 of 2nd period - Penalty to Jeff Tambellini is over, Jeff Tambellini is back on ice.
15:27 of 2nd period - Keith Aulie is hit by Mike Fisher and loses puck.
16:07 of 2nd period - Wrist shot by Mattias Weinhandl.
16:07 of 2nd period - Stopped by Michal Neuvirth without a rebound.
16:08 of 2nd period - Rickard Wallin wins face-off versus Derick Brassard in Sabres zone.
16:32 of 2nd period - Derick Brassard is hit by Jeff Tambellini and loses puck.
16:37 of 2nd period - Slapshot by Scott Gomez.
16:37 of 2nd period - Stopped by Michal Neuvirth with a rebound.
16:40 of 2nd period - Minor Penalty to Michael Kostka for Hooking.
16:41 of 2nd period - Greg Campbell wins face-off versus Scott Gomez in Sabres zone.
16:50 of 2nd period - Joni Pitkanen is hit by Steve Montador and loses puck.
18:40 of 2nd period - Penalty to Michael Kostka is over, Michael Kostka is back on ice.
19:25 of 2nd period - Snap shot by Branko Radivojevic.
19:25 of 2nd period - Shot Misses the Net.
19:27 of 2nd period - Wrist shot by Branko Radivojevic.
19:27 of 2nd period - Stopped by Michal Neuvirth without a rebound.
19:28 of 2nd period - Sam Gagner wins face-off versus Rickard Wallin in Sabres zone.
19:34 of 2nd period - Off-side.
19:35 of 2nd period - Sam Gagner wins face-off versus Rickard Wallin in neutral zone.
19:43 of 2nd period - Slapshot by Ryan Parent.
19:43 of 2nd period - Shot Misses the Net.
19:45 of 2nd period - Snap shot by Mattias Weinhandl.
19:45 of 2nd period - Shot Blocked by Joni Pitkanen.
19:50 of 2nd period - Minor Penalty to Sam Gagner for Hooking.
19:51 of 2nd period - Mike Fisher wins face-off versus Scott Gomez in Sabres zone.
19:51 of 2nd period - Mike Fisher is hit by Jeff Tambellini.
Goals for this period are 2 for Sabres vs 2 for Panthers.
Shots for this period are 11 for Sabres vs 14 for Panthers.

3rd period


0:01 of 3rd period - Scott Gomez wins face-off versus Mike Leclerc in neutral zone.
0:14 of 3rd period - Snap shot by Scott Gomez.
0:14 of 3rd period - Stopped by Michal Neuvirth with a rebound.
0:16 of 3rd period - Slapshot by Ryan Parent.
0:16 of 3rd period - Stopped by Michal Neuvirth with a rebound.
0:40 of 3rd period - Snap shot by Mike Fisher.
0:40 of 3rd period - Shot Blocked by Keith Aulie.
1:34 of 3rd period - Michael Rupp is hit by Steve Montador and loses puck.
1:45 of 3rd period - Peter Prucha is hit by Mike Fisher and loses puck.
1:50 of 3rd period - Penalty to Sam Gagner is over, Sam Gagner is back on ice.
2:15 of 3rd period - Icing by Keith Aulie.
2:16 of 3rd period - Derick Brassard wins face-off versus Rickard Wallin in Panthers zone.
2:44 of 3rd period - Off-side.
2:45 of 3rd period - Sam Gagner wins face-off versus Mats Sundin in neutral zone.
2:57 of 3rd period - Snap shot by Sam Gagner.
2:57 of 3rd period - Shot Blocked by Ryan Bayda.
2:59 of 3rd period - Slapshot by Johnny Boychuk.
2:59 of 3rd period - Deflect By Ryan Bayda.
2:59 of 3rd period - Stopped by Antti Niemi with a rebound.
3:01 of 3rd period - Slapshot by Johnny Boychuk.
3:01 of 3rd period - Stopped by Antti Niemi without a rebound.
3:02 of 3rd period - Scott Gomez wins face-off versus Derick Brassard in Panthers zone.
3:48 of 3rd period - Minor Penalty to Sam Gagner for Roughing.
3:49 of 3rd period - Greg Campbell wins face-off versus Scott Gomez in Sabres zone.
4:55 of 3rd period - Icing by Alexander Perezhogin.
4:56 of 3rd period - Mike Fisher wins face-off versus Mats Sundin in Panthers zone.
5:15 of 3rd period - Slapshot by Bryan McCabe.
5:15 of 3rd period - Shot Misses the Net.
5:48 of 3rd period - Penalty to Sam Gagner is over, Sam Gagner is back on ice.
5:57 of 3rd period - Minor Penalty to Sam Gagner for Tripping.
5:58 of 3rd period - Scott Gomez wins face-off versus Mike Leclerc in Sabres zone.
6:23 of 3rd period - Ryan Parent is hit by Joni Pitkanen and loses puck.
7:06 of 3rd period - Icing by Alexander Perezhogin.
7:07 of 3rd period - Ryan Bayda wins face-off versus Greg Campbell in Panthers zone.
7:57 of 3rd period - Penalty to Sam Gagner is over, Sam Gagner is back on ice.
8:04 of 3rd period - Slapshot by Jay McKee.
8:04 of 3rd period - Shot Blocked by Taylor Hall.
8:06 of 3rd period - Snap shot by Derick Brassard.
8:06 of 3rd period - Shot Blocked by Keith Aulie.
8:08 of 3rd period - Snap shot by Ryan Hollweg.
8:08 of 3rd period - Shot Misses the Net.
8:10 of 3rd period - Snap shot by Derick Brassard.
8:10 of 3rd period - Stopped by Antti Niemi without a rebound.
8:11 of 3rd period - Rickard Wallin wins face-off versus Derick Brassard in Panthers zone.
8:16 of 3rd period - Niclas Bergfors is hit by Steve Montador and loses puck.
8:33 of 3rd period - Wrist shot by Mattias Weinhandl.
8:33 of 3rd period - Shot Blocked by Ryan Hollweg.
8:51 of 3rd period - Snap shot by Rickard Wallin.
8:51 of 3rd period - Shot Hit the Post.
8:53 of 3rd period - Snap shot by Taylor Hall.
8:53 of 3rd period - Shot Blocked by Niclas Bergfors.
8:55 of 3rd period - Slapshot by Nick Schultz.
8:55 of 3rd period - Stopped by Michal Neuvirth without a rebound.
8:56 of 3rd period - Scott Gomez wins face-off versus Sam Gagner in Sabres zone.
9:03 of 3rd period - Snap shot by Peter Prucha.
9:03 of 3rd period - Deflect By Joni Pitkanen.
9:03 of 3rd period - Shot Misses the Net.
9:03 of 3rd period - Puck is out of play.
9:04 of 3rd period - Sam Gagner wins face-off versus Scott Gomez in Sabres zone.
9:46 of 3rd period - Snap shot by Antoine Roussel.
9:46 of 3rd period - Shot Misses the Net.
10:26 of 3rd period - Wrist shot by Scott Gomez.
10:26 of 3rd period - Stopped by Michal Neuvirth without a rebound.
10:27 of 3rd period - Mats Sundin wins face-off versus Derick Brassard in Sabres zone.
10:28 of 3rd period - Snap shot by Ryan Bayda.
10:28 of 3rd period - Stopped by Michal Neuvirth with a rebound.
10:41 of 3rd period - Off-side.
10:42 of 3rd period - Greg Campbell wins face-off versus Rickard Wallin in neutral zone.
10:45 of 3rd period - Slapshot by Joni Pitkanen.
10:45 of 3rd period - Shot Misses the Net.
11:09 of 3rd period - Niclas Bergfors is hit by Tom Preissing.
12:03 of 3rd period - Ryan Hollweg is hit by Bryan McCabe and loses puck.
12:28 of 3rd period - Peter Prucha is hit by Sam Gagner and loses puck.
12:58 of 3rd period - Johnny Boychuk is hit by Bryan McCabe and loses puck.
13:19 of 3rd period - Wrist shot by Sam Gagner.
13:19 of 3rd period - Stopped by Antti Niemi without a rebound.
13:20 of 3rd period - Mats Sundin wins face-off versus Sam Gagner in Panthers zone.
13:27 of 3rd period - Wrist shot by Alexander Perezhogin.
13:27 of 3rd period - Stopped by Michal Neuvirth without a rebound.
13:28 of 3rd period - Scott Gomez wins face-off versus Ryan Hollweg in Sabres zone.
14:43 of 3rd period - Wrist shot by Niclas Bergfors.
14:43 of 3rd period - Shot Misses the Net.
16:42 of 3rd period - Peter Prucha is hit by Mike Fisher and loses puck.
17:07 of 3rd period - Wrist shot by Nick Schultz.
17:07 of 3rd period - Stopped by Michal Neuvirth with a rebound.
17:28 of 3rd period - Slapshot by Michael Kostka.
17:28 of 3rd period - Stopped by Antti Niemi without a rebound.
17:29 of 3rd period - Scott Gomez wins face-off versus Mike Fisher in Panthers zone.
17:29 of 3rd period - Scott Gomez is hit by Mike Fisher.
17:51 of 3rd period - Minor Penalty to Mike Fisher for Hooking.
17:52 of 3rd period - Greg Campbell wins face-off versus Scott Gomez in Sabres zone.
19:35 of 3rd period - Icing by Alexander Perezhogin.
19:36 of 3rd period - Michael Rupp wins face-off versus Branko Radivojevic in Panthers zone.
19:44 of 3rd period - Off-side.
19:45 of 3rd period - Greg Campbell wins face-off versus Scott Gomez in neutral zone.
19:51 of 3rd period - Penalty to Mike Fisher is over, Mike Fisher is back on ice.
Goals for this period are 0 for Sabres vs 0 for Panthers.
Shots for this period are 5 for Sabres vs 7 for Panthers.